 Dungeon Crawl Stone Soup version 0.30-a0-393-g54b8e3be05 (webtiles) character file.

Game seed: 5195200828235499423

243863 pokeman the Archmage (level 19, -13/110 HPs)
             Began as a Deep Elf Hedge Wizard on Dec 4, 2022.
             Was the Champion of Vehumet.
             Killed from afar by a fire giant (18 damage)
             ... with a fireball
             ... on level 2 of the Vaults on Dec 6, 2022.
             The game lasted 02:30:11 (45576 turns).

pokeman the Archmage (Deep Elf Hedge Wizard)       Turns: 45576, Time: 02:30:11

Health: -13/110    AC: 21    Str:  7    XL:     19   Next: 13%
Magic:  50/52      EV: 15    Int: 32    God:    Vehumet [******]
Gold:   2288       SH:  8    Dex: 12    Spells: 25/72 levels left

rFire   . . .      SeeInvis .    Y - staff of fire
rCold   + . .      Faith    .    p - +3 warlock's mirror {reflect}
rNeg    . . .      Spirit   .    u - +2 faerie dragon scales {rC+ Will+ rCorr Slay+3}
rPois   .          Reflect  +    x - +0 helmet
rElec   +          Harm     .    g - scarf {repulsion}
rCorr   +          Rampage  .    L - +3 Mad Mage's Maulers {Infuse+∞ RegenMP Int-3, !a}
Will    ++...                    O - +0 pair of boots of Xeerisij {rElec rF- Int+7 Dex-2}
Stlth   ++........               q - amulet of magic regeneration
HPRegen 0.38/turn                y - +4 ring of protection
MPRegen 1.13/turn                C - +4 ring of evasion

@: repel missiles
A: no striking features
}: 1/15 runes: decaying
a: Renounce Religion


You were on level 2 of the Vaults.
You worshipped Vehumet.
Vehumet was exalted by your worship.
You visited 9 branches of the dungeon, and saw 34 of its levels.
You visited 1 bazaar.
You also visited: Ice Cave.

You collected 3672 gold pieces.
You spent 1384 gold pieces at shops.

Inventory:

Hand Weapons
 l - a +0 whip of pain
Missiles
 a - 17 curare-tipped darts
 o - a throwing net
Armour
 g - a scarf of repulsion (worn)
 n - a +0 robe of resistance
 p - the +3 warlock's mirror (worn) {reflect}
   (You bought it in a shop on level 2 of the Orcish Mines)

   It can block and reflect piercing ranged attacks and magical attacks against
   the wielder's willpower.
 t - a +0 buckler of resistance
 u - the +2 faerie dragon scales (worn) {rC+ Will+ rCorr Slay+3}
   (You took it off the Enchantress on level 1 of the Depths)

   Slay:      It affects your accuracy & damage with ranged weapons and melee
   (+3).
   rC:        It protects you from cold.
   rCorr:     It protects you from acid and corrosion.
   Will:      It increases your willpower.
 x - a +0 helmet (worn)
 A - a +1 cloak of poison resistance
 L - the +3 Mad Mage's Maulers (worn) {Infuse+∞ RegenMP Int-3, !a}
   (You acquired it on level 1 of the Swamp)

   It empowers its wearer's blows with all of their magic.
   It causes its wearer's magical reserves to regenerate more quickly.
   Int:       It affects your intelligence (-3).
 M - a scarf of resistance
 O - the +0 pair of boots of Xeerisij (worn) {rElec rF- Int+7 Dex-2}
   (You found it on level 2 of the Lair of Beasts)

   Int:       It affects your intelligence (+7).
   Dex:       It affects your dexterity (-2).
   rF:        It makes you vulnerable to fire.
   rElec:     It insulates you from electricity.
 T - the +4 ring mail of the Cicada {rPois}
   (You found it on level 12 of the Dungeon)

   rPois:     It protects you from poison.
Magical Staves
 Y - a staff of fire (weapon)
Jewellery
 q - an amulet of magic regeneration (around neck)
 r - a ring of protection from cold
 s - a +4 ring of protection
 y - a +4 ring of protection (left hand)
 C - a +4 ring of evasion (right hand)
 V - an amulet of regeneration
Wands
 j - a wand of flame (34)
 E - a wand of charming (7)
 F - a wand of roots (13)
 S - a wand of digging (7)
Scrolls
 b - 2 scrolls of fear
 c - a scroll of enchant armour
 k - 14 scrolls of teleportation
 m - 4 scrolls of enchant weapon
 K - 6 scrolls of magic mapping
 U - 4 scrolls of blinking
Potions
 d - 3 potions of magic
 e - 5 potions of haste
 f - a potion of resistance
 h - a potion of flight
 i - a potion of brilliance
 v - 18 potions of curing
 w - a potion of invisibility
 z - a potion of mutation
 B - 7 potions of heal wounds
 P - 5 potions of cancellation
 X - a potion of berserk rage
Miscellaneous
 D - a piece from Xom's chessboard (15/15)
 G - a tin of tremorstones (2/2)
 H - a condenser vane
 N - a lightning rod (4/4)


   Skills:
 - Level 9.1 Fighting
 + Level 9.7 Armour
 - Level 3.3 Dodging
 - Level 3.0 Stealth
 - Level 5.0 Shields
 O Level 27 Spellcasting
 + Level 17.9 Conjurations
 - Level 1.1 Summonings
 - Level 1.0 Necromancy
 - Level 1.1 Translocations
 + Level 17.7 Fire Magic
 - Level 1.0 Ice Magic
 - Level 1.0 Air Magic
 - Level 1.0 Earth Magic
 - Level 1.0 Poison Magic
 - Level 1.0 Evocations


You had 25 spell levels left.
You knew the following spells:

 Your Spells              Type           Power      Damage    Failure   Level
a - Magic Dart            Conj           100%       1d8       0%          1
b - Mephitic Cloud        Conj/Pois/Air  72%        N/A       1%          3
c - Call Imp              Summ           50%        N/A       1%          2
d - Blink                 Tloc           100%       N/A       1%          2
e - Foxfire               Conj/Fire      100%       2x1d9     0%          1
f - Fireball              Conj/Fire      62%        3d24      0%          5
g - Lightning Bolt        Conj/Air       40%        1d59      1%          5
h - Freezing Cloud        Conj/Ice/Air   36%        6-21      1%          5
i - Swiftness             Air            49%        N/A       2%          3
j - Ignition              Fire           62%        3d17      1%          8
k - Fire Storm            Conj/Fire      62%        8d16      21%         9
l - Stone Arrow           Conj/Erth      100%       3d13      1%          3

Your spell library contained the following spells:

 Spells                   Type           Power      Damage    Failure   Level
 Shatter                  Erth           24%        3d21*     100%        9
 Scorch                   Fire           100%       2d10      0%          2
 Flame Wave               Conj/Fire      100%       2d21      0%          4
 Sandblast                Erth           98%        2d20      1%          1
 Slow                     Hex            100%       N/A       1%          1
 Cigotuvi's Dreadful Rot  Necr/Pois/Air  98%        N/A       1%          2
 Ensorcelled Hibernation  Hex/Ice        92%        N/A       1%          2
 Passwall                 Tmut/Erth      38%        N/A       1%          2
 Sublimation of Blood     Necr           49%        N/A       1%          2
 Irradiate                Conj/Tmut      39%        3d24      1%          5
 Starburst                Conj/Fire      62%        6d16      1%          6
 Portal Projectile        Hex/Tloc       92%        N/A       2%          3
 Spider Form              Tmut/Pois      46%        N/A       2%          3
 Vampiric Draining        Necr           49%        2d9       2%          3
 Confusing Touch          Hex            43%        N/A       3%          3
 Tukima's Dance           Hex            43%        N/A       3%          3
 Lee's Rapid Deconstruct  Erth           24%        3d13*     5%          5
 Dispel Undead            Necr           49%        3d18      8%          4
 Anguish                  Hex/Necr       23%        N/A       9%          4
 Leda's Liquefaction      Hex/Erth       23%        N/A       9%          4
 Petrify                  Tmut/Erth      46%        N/A       9%          4
 Blade Hands              Tmut           21%        N/A       30%         5
 Summon Cactus Giant      Summ           25%        N/A       73%         6
 Death Channel            Necr           24%        N/A       75%         6
 Statue Form              Tmut/Erth      30%        N/A       80%         6


Dungeon Overview and Level Annotations

Branches:
Dungeon (15/15)            Temple (1/1) D:6            Lair (5/5) D:10
  Swamp (4/4) Lair:2       Spider (2/4) Lair:3        Slime (0/5) Lair:4
    Orc (2/2) D:9             Elf (1/3) Orc:2        Vaults (2/5) D:14
 Depths (2/4) D:15          IceCv (visited)
  Crypt: Vaults:2-3

Altars:
Cheibriados
Fedhas
Gozag
Hepliaklqana
Nemelex Xobeh
Qazlal
Sif Muna
Vehumet
Xom
Yredelemnul

Shops:
D:11 !   Orc:2 [[:(   Vaults:2 =

Portals:
Hell: Depths:1
Abyss: Depths:1
Pandemonium: Depths:1
Trove: Depths:1 (give +4 shadow dragon scales)

Annotations:
Swamp:2 1 runed translucent door, Lobster4's ghost, adept HuIE
Swamp:3 Mara
Spider:2 Mlioglotl
Vaults:2 2 transporters, exclusion: orange crystal statue, Cupobaaz's ghost, adept OpAE; Ladeyfunk's ghost, adept DsBe; liarliar's ghost, adept NaWr


Message History

The fireball engulfs the vault warden!!!
The vault warden is severely wounded.
The fireball engulfs the slime creature!!!
The slime creature is almost dead.
The yaktaur is engulfed in freezing vapours.
You kill the yaktaur!
Vehumet accepts your kill.
You feel your power returning.
The fire giant is engulfed in freezing vapours.
The slime creature closely misses you.
Casting: Fireball (safe; 0% risk of failure)
Confirm with . or Enter, or press ? or * to list all spells.
Aiming: Fireball (safe; 0% risk of failure)
Press: ? - help, Shift-Dir - straight line You feel a surge of power!
The fireball explodes!
The fireball engulfs the vault warden!!!
You kill the vault warden!
Vehumet accepts your kill.
You feel your power returning.
The fireball engulfs the slime creature!!!
You kill the slime creature!
Vehumet accepts your kill.
You feel your power returning.
The fire giant is engulfed in freezing vapours.
Unknown command.
Unknown command.
The fire giant gestures at you while chanting.
The fireball explodes!
The fireball engulfs you!!!
* * * LOW HITPOINT WARNING * * *
Unknown command.
Casting: Fireball (safe; 0% risk of failure)
Confirm with . or Enter, or press ? or * to list all spells.
Aiming: Stone Arrow (safe; 1% risk of failure)
Press: ? - help, Shift-Dir - straight line, f - fire giant
Aim: a fire giant, wielding a +2 great sword of flaming (severely wounded, 95% to hit)
The stone arrow hits the fire giant!
The fire giant is almost dead.
The fire giant points at you and mumbles some strange words.
The fireball explodes!
The fireball engulfs you!!
You die... ..## #......# >..## ..§§..# ....## .§§p. .....## §Gc

#.....##########C###
##....'.........)..#
##...#............#
#####............#
#.........@..#
#######............#
......#............#
......#............#
......'............#
......#............#
......#............#
......#............#
......#............#


You could see a fire giant, a yaktaur captain, a great orb of eyes and a vault
sentinel.

Vanquished Creatures
  the Enchantress (Depths:1)
  Nikola (Vaults:2)
  Jorgrun (Swamp:3)
  Rupert (D:13)
  Kirke (D:12)
  Frances (D:14)
  A frost giant (Depths:1)
  Louise (Depths:1)
  An orc warlord (Vaults:1)
  Aizul (Vaults:2)
  3 vault wardens
  3 spriggan defenders (Depths:1)
  5 ironbound preservers
  A reaper (IceCv)
  11 very ugly things
  2 green draconians (Swamp:3)
  3 ironbound thunderhulks
  3 stone giants (Depths:1)
  5 eleionomae
  3 dire elephants (Vaults:1)
  2 spark wasps
  The ghost of sirJeffrey23 the Eclecticist, a journeyman DrFE of Elyvilon (D:13)
  A bunyip (Swamp:1)
  3 ettins
  An entropy weaver (Vaults:2)
  3 fire dragons
  4 great orbs of eyes
  5 rakshasas
  3 yaktaur captains (Vaults:1)
  Josephine (D:15)
  3 ghost crabs
  5 ice dragons
  6 alligators
  6 spriggan air magi
  A hell beast (Depths:1)
  14 hydras
  2 vault guards (Vaults:1)
  An ironbound frostheart (Vaults:2)
  3 catoblepae
  A radroach (Spider:1)
  A jorogumo (Spider:1)
  12 centaur warriors
  8 boulder beetles
  8 death yaks
  6 dancing weapons
  A hell hog (Depths:1)
  5 tengu warriors
  9 two-headed ogres
  Urug (D:12)
  3 orc high priests
  A spectral storm dragon (Depths:2)
  2 spriggan berserkers (Depths:1)
  9 sun demons (Depths:1)
  A deep troll earth mage (Depths:1)
  The ghost of Darkkill the Skirmisher, a novice MiHu of Gozag (Lair:1)
  4 deep elf knights (Elf:1)
  A hell knight (Depths:1)
  Sonja (Lair:1)
  2 shadow wraiths (D:13)
  An iron troll (Depths:1)
  12 spriggans
  4 goliath frogs
  9 skeletal warriors
  A flayed ghost (Depths:1)
  2 spriggan druids
  23 deep trolls
  2 steelbarb worms
  2 orb spiders (Spider:1)
  4 wizards
  8 bog bodies
  2 glowing orange brains
  6 swamp dragons
  A deep elf archer (Elf:1)
  A phantasmal warrior (D:13)
  10 lindwurms
  6 deep elf pyromancers
  7 ironbound convokers
  5 orc knights
  3 deep elf zephyrmancers (Elf:1)
  6 wolf spiders
  A manticore (D:12)
  6 orc sorcerers
  6 cyclopes
  23 ugly things
  4 oklob plants
  4 will-o-the-wisps
  2 ice statues (IceCv)
  2 salamanders (Depths:1)
  16 elephants
  2 eyes of devastation (Depths:1)
  3 molten gargoyles
  4 black mambas
  9 torpor snails
  3 demonic crawlers (Spider:1)
  5 vault sentinels
  9 cane toads
  4 rime drakes
  2 unseen horrors (D:12)
  8 freezing wraiths
  A rime drake (shapeshifter) (D:15)
  9 yaktaurs
  2 tengu conjurers (Depths:1)
  An efreet (D:14)
  7 komodo dragons
  Psyche (D:12)
  8 ice devils
  An anaconda simulacrum (IceCv)
  7 tarantellas (Spider:1)
  A guardian mummy (Depths:1)
  2 polar bears
  A queen bee (Lair:1)
  5 bloated husks
  3 meliai
  7 trolls
  9 tyrant leeches
  20 hornets
  7 blink frogs
  9 slime creatures
  7 dream sheep (Lair:4)
  6 jumping spiders
  An air elemental (Elf:1)
  9 culicivoras
  A shadow (D:12)
  2 vampires
  6 wraiths
  5 hogs (D:12)
  3 flying skulls
  2 fire elementals (Elf:1)
  33 yaks
  2 swamp worm simulacra (Swamp:4)
  2 wyverns
  5 basilisks
  2 death yak simulacra (IceCv)
  A steam dragon (D:9)
  35 redbacks
  11 vampire mosquitoes
  11 wargs
  14 swamp worms
  16 hydra simulacra
  10 water moccasins
  4 black bears
  24 orc warriors
  4 swamp drakes (Swamp:3)
  2 sky beasts
  5 ogres
  11 wolves
  16 centaurs
  Blork the orc (D:6)
  2 kobold brigands
  10 bullfrogs
  3 two-headed ogre simulacra (IceCv)
  A necrophage (D:6)
  9 scorpions
  9 wights
  14 killer bees
  2 elephant simulacra (IceCv)
  2 electric eels
  5 howler monkeys
  4 lava snakes (Lair:3)
  3 jellies
  22 orc priests
  3 hounds
  A gnoll bouda (D:5)
  55 orc wizards
  8 iguanas
  2 spriggan simulacra (IceCv)
  A polar bear simulacrum (IceCv)
  3 troll simulacra (IceCv)
  A wolf simulacrum (IceCv)
  15 gnolls
  7 adders
  3 white imps
  4 ufetubi
  6 swamp drake simulacra (Swamp:4)
  A worm (D:3)
  4 dart slugs
  110 orcs
  6 endoplasms
  4 giant cockroaches
  28 hobgoblins
  8 jackals (D:1)
  11 kobolds
  2 quokkas
  9 ball pythons
  6 bats
  3 frilled lizards
  29 goblins
  4 rats
1191 creatures vanquished.

Vanquished Creatures (collateral kills)
  A meliai (D:14)
  Sigmund (D:2)
  A killer bee (D:6)
  A giant cockroach (D:6)
  4 foxfires (D:8)
8 creatures vanquished.

Vanquished Creatures (others)
  2 spriggans
  2 hornets
  A yak (Lair:4)
  2 bushes (Lair:5)
  698 foxfires
  39 fungi
  63 plants
807 creatures vanquished.

Grand Total: 2006 creatures vanquished

Notes
Turn   | Place    | Note
-------+----------+-------------------------------------------
     0 | D:1      | pokeman the Deep Elf Hedge Wizard began the quest for the
                  | Orb.
     0 | D:1      | Reached XP level 1. HP: 10/10 MP: 7/7
   312 | D:1      | Reached XP level 2. HP: 15/16 MP: 4/9
   866 | D:1      | Reached skill level 5 in Spellcasting
  1005 | D:1      | Reached XP level 3. HP: 16/20 MP: 0/11
  1009 | D:1      | Learned a level 3 spell: Mephitic Cloud
  1012 | D:1      | Learned a level 2 spell: Call Imp
  1015 | D:1      | Learned a level 2 spell: Blink
  2451 | D:2      | Reached skill level 1 in Armour
  2568 | D:2      | Noticed Sigmund
  2583 | D:2      | Killed Sigmund
  2584 | D:2      | Reached skill level 1 in Fighting
  2584 | D:2      | Reached skill level 6 in Spellcasting
  2584 | D:2      | Reached XP level 4. HP: 13/26 MP: 3/14
  2584 | D:2      | Reached XP level 5. HP: 15/30 MP: 3/15
  2980 | D:3      | Learned a level 1 spell: Foxfire
  2986 | D:3      | Learned a level 5 spell: Fireball
  3732 | D:4      | Reached XP level 6. HP: 35/35 MP: 11/17
  4075 | D:4      | Reached skill level 7 in Spellcasting
  4081 | D:4      | Reached skill level 1 in Air Magic
  4446 | D:4      | Reached skill level 1 in Fire Magic
  4540 | D:4      | Reached skill level 1 in Poison Magic
  5001 | D:4      | Reached XP level 7. HP: 25/39 MP: 11/20
  5342 | D:5      | Entered Level 5 of the Dungeon
  5373 | D:5      | Reached skill level 8 in Spellcasting
  6070 | D:5      | Found a shimmering altar of Xom.
  6201 | D:5      | Reached XP level 8. HP: 41/44 MP: 19/22
  6441 | D:6      | Reached skill level 9 in Spellcasting
  6631 | D:6      | Reached skill level 5 in Conjurations
  6763 | D:6      | Noticed Blork the orc
  6769 | D:6      | Killed Blork the orc
  6832 | D:6      | Found a runed translucent door.
  6834 | D:6      | Found a runed translucent door.
  6857 | D:6      | Reached skill level 10 in Spellcasting
  7044 | D:6      | Found a staircase to the Ecumenical Temple.
  7055 | Temple   | Entered the Ecumenical Temple
  7080 | Temple   | Became a worshipper of Vehumet
  7119 | D:6      | Found a sparkling altar of Nemelex Xobeh.
  7667 | D:7      | Reached XP level 9. HP: 28/49 MP: 17/25
  8326 | D:8      | Found a basalt altar of Yredelemnul.
  8506 | D:8      | Reached skill level 1 in Evocations
  8511 | D:8      | Reached * piety under Vehumet
  8511 | D:8      | Offered knowledge of Freeze by Vehumet.
  8512 | D:8      | Reached skill level 11 in Spellcasting
  8522 | D:8      | Reached skill level 5 in Fire Magic
  8927 | D:8      | Noticed a two-headed ogre
  8957 | D:8      | Killed a two-headed ogre
  8958 | D:8      | Reached skill level 12 in Spellcasting
  9152 | D:8      | Found a stormy altar of Qazlal.
  9222 | D:8      | Identified the +5 short sword "Dragonbane" {protect,
                  | *Corrode rF+ Int+4 Dex+5}
  9736 | D:6      | Reached XP level 10. HP: 56/56 MP: 21/28
 10022 | D:9      | Found a staircase to the Orcish Mines.
 10037 | D:9      | Reached ** piety under Vehumet
 10037 | D:9      | Offered knowledge of Scorch by Vehumet.
 10121 | D:9      | Reached skill level 13 in Spellcasting
 10453 | D:9      | Noticed a two-headed ogre
 10455 | D:9      | Killed a two-headed ogre
 10603 | D:9      | Found a snail-covered altar of Cheibriados.
 10961 | D:9      | Offered knowledge of Static Discharge by Vehumet.
 11269 | D:9      | Reached skill level 14 in Spellcasting
 11610 | D:10     | Entered Level 10 of the Dungeon
 12069 | D:10     | Reached *** piety under Vehumet
 12194 | D:10     | Noticed a two-headed ogre
 12198 | D:10     | Killed a two-headed ogre
 12199 | D:10     | Reached XP level 11. HP: 61/61 MP: 15/31
 12506 | D:10     | Found a staircase to the Lair.
 12701 | D:11     | Noticed a boulder beetle
 12709 | D:11     | Killed a boulder beetle
 12710 | D:11     | Reached skill level 15 in Spellcasting
 12848 | D:11     | Offered knowledge of Kindle Blastsparks by Vehumet.
 12917 | D:11     | Noticed a two-headed ogre
 13056 | D:11     | Killed a two-headed ogre
 13057 | D:11     | Reached skill level 5 in Armour
 13341 | D:11     | Found Otoaligh's Distillery.
 13344 | D:11     | Bought a potion of curing for 39 gold pieces
 13344 | D:11     | Bought a potion of heal wounds for 65 gold pieces
 13344 | D:11     | Bought a potion of curing for 39 gold pieces
 13346 | D:11     | Noticed a two-headed ogre
 13350 | D:11     | Killed a two-headed ogre
 13452 | D:11     | Noticed a purple ugly thing
 13456 | D:11     | Killed a purple ugly thing
 13510 | D:11     | Noticed a boulder beetle
 13875 | D:11     | Noticed a rakshasa
 13879 | D:11     | Killed a rakshasa
 13880 | D:11     | Reached skill level 16 in Spellcasting
 14542 | D:11     | Killed a boulder beetle
 14674 | D:12     | Noticed Kirke
 14676 | D:12     | Noticed Psyche
 14682 | D:12     | Killed Kirke
 14683 | D:12     | Reached skill level 5 in Fighting
 14683 | D:12     | Reached XP level 12. HP: 11/68 MP: 5/34
 14805 | D:12     | Killed Psyche
 14927 | D:12     | Reached skill level 10 in Conjurations
 15043 | D:12     | Reached **** piety under Vehumet
 15169 | D:12     | Identified the +4 ring mail of the Cicada {rPois}
 15219 | D:12     | Noticed a two-headed ogre
 15223 | D:12     | Killed a two-headed ogre
 15224 | D:12     | Reached skill level 17 in Spellcasting
 15517 | D:12     | Noticed Urug
 15520 | D:12     | Killed Urug
 15877 | D:13     | Found a radiant altar of Vehumet.
 15878 | D:13     | Noticed a boulder beetle
 16202 | D:13     | Noticed a two-headed ogre
 16205 | D:13     | Killed a two-headed ogre
 16206 | D:13     | Reached skill level 10 in Fire Magic
 16210 | D:13     | Noticed a centaur warrior
 16357 | D:13     | Noticed Rupert
 16366 | D:13     | Killed Rupert
 16366 | D:13     | Offered knowledge of Arcjolt by Vehumet.
 16367 | D:13     | Killed a centaur warrior
 16368 | D:13     | Reached skill level 18 in Spellcasting
 16447 | D:13     | Noticed a two-headed ogre
 16450 | D:13     | Killed a two-headed ogre
 16538 | D:13     | Noticed a centaur warrior
 16542 | D:13     | Killed a centaur warrior
 16679 | D:13     | Killed a boulder beetle
 16680 | D:13     | Reached XP level 13. HP: 74/74 MP: 23/37
 16907 | D:13     | Found a runed translucent gate.
 16908 | D:13     | Found a runed translucent gate.
 16909 | D:13     | Found a runed translucent gate.
 16910 | D:13     | Noticed sirJeffrey23's ghost (journeyman DrFE)
 17998 | D:13     | Identified the ring of Coapuk {rPois Will+ Stlth+}
 18022 | D:13     | Killed sirJeffrey23's ghost
 18188 | D:14     | Identified the +2 ring mail of Zofuam {Drain rF+ rC++
                  | Str+4}
 18346 | D:14     | Found a hazy altar of Hepliaklqana.
 18563 | D:14     | Reached skill level 19 in Spellcasting
 18642 | D:14     | Found a gate to the Vaults.
 18926 | D:14     | Noticed Frances
 18950 | D:14     | Killed Frances
 18951 | D:14     | Reached skill level 1 in Shields
 19353 | D:15     | Entered Level 15 of the Dungeon
 19627 | D:15     | Found a shimmering blue altar of Sif Muna.
 19764 | D:15     | Noticed Josephine
 19770 | D:15     | Killed Josephine
 20606 | Lair:1   | Entered Level 1 of the Lair of Beasts
 20636 | Lair:1   | Found a frozen archway.
 20670 | IceCv    | Entered an ice cave
 20724 | IceCv    | Reached skill level 20 in Spellcasting
 20827 | IceCv    | Upgraded the game from 0.30-a0-390-g80c34de65d to
                  | 0.30-a0-393-g54b8e3be05
 20972 | IceCv    | Reached XP level 14. HP: 80/80 MP: 34/40
 21045 | IceCv    | Noticed a reaper
 21049 | IceCv    | Killed a reaper
 21683 | Lair:1   | Found a transporter.
 21687 | Lair:1   | Found a transporter.
 21703 | Lair:1   | Noticed Sonja
 21705 | Lair:1   | Killed Sonja
 22168 | Lair:1   | Noticed Darkkill's ghost (novice MiHu)
 22663 | Lair:2   | Reached ***** piety under Vehumet
 22663 | Lair:2   | Offered knowledge of Conjure Ball Lightning by Vehumet.
 23275 | Lair:2   | Identified the +0 pair of boots of Xeerisij {rElec rF-
                  | Int+7 Dex-2}
 23526 | Lair:2   | Found a staircase to the Swamp.
 23975 | Lair:3   | You fall into a shaft and drop 2 floors!
 23975 | Lair:5   | Entered Level 5 of the Lair of Beasts
 24013 | Lair:5   | Reached skill level 21 in Spellcasting
 24264 | Lair:4   | Found a staircase to the Slime Pits.
 24500 | Lair:3   | Found a hole to the Spider Nest.
 24977 | Lair:3   | Identified the +6 sling "Worm's Wrath" {freeze, rElec rC+
                  | Str+3}
 26607 | Lair:5   | Reached skill level 5 in Shields
 26853 | Lair:5   | Reached XP level 15. HP: 84/84 MP: 35/42
 27034 | Lair:5   | Reached skill level 22 in Spellcasting
 27814 | Lair:5   | Identified the +1 falchion of Xuomm {vorpal, rC+}
 28094 | Lair:5   | Offered knowledge of Eringya's Noxious Bog by Vehumet.
 28649 | Lair:5   | Identified a scroll of acquirement
 28690 | Lair:5   | Found a runed translucent door.
 29440 | Orc:1    | Entered Level 1 of the Orcish Mines
 29619 | Orc:1    | Offered knowledge of Spellforged Servitor by Vehumet.
 30320 | Orc:2    | Entered Level 2 of the Orcish Mines
 30975 | Orc:2    | Found Naescharu's Armour Boutique.
 30975 | Orc:2    | Found Togu's Antique Armour Shoppe.
 31422 | Orc:2    | Offered knowledge of Yara's Violent Unravelling by Vehumet.
 31499 | Orc:2    | Reached skill level 1 in Necromancy
 31503 | Orc:2    | Reached skill level 23 in Spellcasting
 31789 | Orc:2    | Found Onekhiell's Weapon Boutique.
 31789 | Orc:2    | Found Dizitume's Book Shoppe.
 31832 | Orc:2    | Found a staircase to the Elven Halls.
 32407 | Orc:2    | Bought the +3 warlock's mirror {reflect} for 1040 gold
                  | pieces
 32407 | Orc:2    | Found the +3 warlock's mirror {reflect}
 32625 | Lair:1   | Killed Darkkill's ghost
 32753 | Swamp:1  | Entered Level 1 of the Swamp
 33370 | Swamp:1  | Reached XP level 16. HP: 92/92 MP: 33/45
 33619 | Swamp:1  | Acquired the +3 Mad Mage's Maulers {Infuse+∞ RegenMP Int-3}
 33619 | Swamp:1  | Found the +3 Mad Mage's Maulers {Infuse+∞ RegenMP Int-3}
 33738 | Swamp:2  | Found a basalt altar of Yredelemnul.
 33766 | Swamp:2  | Reached ****** piety under Vehumet
 33766 | Swamp:2  | Offered knowledge of Lightning Bolt by Vehumet.
 33950 | Swamp:2  | Found a runed translucent door.
 33950 | Swamp:2  | Found a shimmering altar of Xom.
 33950 | Swamp:2  | Noticed Lobster4's ghost (adept HuIE)
 34217 | Swamp:2  | Learned a level 5 spell: Lightning Bolt
 34450 | Swamp:3  | Noticed Mara
 34453 | Swamp:3  | Noticed pokeman's illusion
 34497 | Swamp:3  | Reached skill level 24 in Spellcasting
 34895 | Swamp:3  | Noticed Jorgrun
 34900 | Swamp:3  | Killed Jorgrun
 34991 | Swamp:3  | Identified the +8 sling "Jyk Veub" {flame, Will++ Str+4
                  | Dex-5}
 35125 | Swamp:4  | Entered Level 4 of the Swamp
 35129 | Swamp:4  | Reached skill level 15 in Conjurations
 36099 | Swamp:4  | Got a decaying rune of Zot
 36270 | Spider:1 | Entered Level 1 of the Spider Nest
 36274 | Spider:1 | Offered knowledge of Freezing Cloud by Vehumet.
 36281 | Spider:1 | Reached skill level 15 in Fire Magic
 36956 | Spider:1 | Reached XP level 17. HP: 51/96 MP: 15/47
 36957 | Spider:1 | Reached skill level 25 in Spellcasting
 37181 | Spider:1 | Learned a level 5 spell: Freezing Cloud
 37498 | Spider:1 | Reached skill level 1 in Ice Magic
 38305 | Spider:2 | Noticed Mlioglotl
 38693 | D:15     | Found a staircase to the Depths.
 38857 | D:15     | Offered knowledge of Ozocubu's Refrigeration by Vehumet.
 39174 | Elf:1    | Entered Level 1 of the Elven Halls
 39829 | Depths:1 | Entered Level 1 of the Depths
 39904 | Depths:1 | Found a one-way gate leading to the halls of Pandemonium.
 40459 | Depths:1 | Reached skill level 26 in Spellcasting
 40576 | Depths:1 | Learned a level 3 spell: Swiftness
 40609 | Depths:1 | Noticed Louise
 40611 | Depths:1 | Noticed the Enchantress
 40621 | Depths:1 | Killed the Enchantress
 40623 | Depths:1 | Killed Louise
 40991 | Depths:1 | Reached XP level 18. HP: 84/104 MP: 48/50
 41088 | Depths:1 | Found a one-way gate to the infinite horrors of the Abyss.
 41152 | Depths:1 | Found an opulent altar of Gozag.
 41179 | Depths:1 | Found a portal to a secret trove of treasure.
 41283 | Depths:1 | Found a gateway to Hell.
 41385 | Depths:1 | Found a blossoming altar of Fedhas.
 41639 | Depths:2 | Noticed a doom hound
 41703 | Depths:1 | Offered knowledge of Fire Storm by Vehumet.
 41703 | Depths:1 | Offered knowledge of Shatter by Vehumet.
 41703 | Depths:1 | Offered knowledge of Ignition by Vehumet.
 41757 | Depths:1 | Learned a level 8 spell: Ignition
 41767 | Depths:1 | Learned a level 9 spell: Fire Storm
 42586 | Vaults:1 | Entered Level 1 of the Vaults
 42642 | Vaults:1 | Found a flickering gateway to a bazaar.
 42650 | Bazaar   | Entered a bazaar
 42654 | Bazaar   | Found Jeus's General Store.
 42662 | Bazaar   | Found Ciheda's Weapon Boutique.
 42674 | Bazaar   | Found Komuakia's Book Shoppe.
 42682 | Bazaar   | Found Fupihaer's Book Shop.
 42762 | Bazaar   | Bought a scroll of teleportation for 21 gold pieces
 42780 | Bazaar   | Bought a book of Geomancy for 180 gold pieces
 42784 | Bazaar   | Learned a level 3 spell: Stone Arrow
 42968 | Vaults:1 | Reached skill level 1 in Earth Magic
 43027 | Vaults:1 | Reached skill level 27 in Spellcasting
 43974 | Vaults:1 | Identified the +3 scale mail of Trumpets {Rampage rElec
                  | rCorr}
 44752 | Vaults:2 | Noticed Nikola
 44758 | Vaults:2 | Killed Nikola
 44908 | Vaults:2 | Reached XP level 19. HP: 110/110 MP: 36/52
 45215 | Vaults:2 | Noticed Aizul
 45221 | Vaults:2 | Killed Aizul
 45258 | Vaults:2 | Found Moty's Jewellery Shoppe.
 45280 | Vaults:2 | Noticed Ladeyfunk's ghost (adept DsBe)
 45284 | Vaults:2 | Noticed Cupobaaz's ghost (adept OpAE)
 45284 | Vaults:2 | Noticed liarliar's ghost (adept NaWr)
 45288 | Vaults:2 | Noticed a golden dragon
 45305 | Vaults:2 | Found a transporter.
 45311 | Vaults:2 | Found a transporter.
 45575 | Vaults:2 | HP: 4/110 [fire giant/fireball (39)]
 45576 | Vaults:2 | Killed from afar by a fire giant

Illustrated notes

Levels and vault maps discovered:
D:1:      minmay_arrival_loop, layout_basic, kennysheep_boxes
D:2:      layout_basic, minmay_tromino_v4_a, uniq_sigmund
D:3:      layout_basic, kennysheep_cross_room
D:4:      minmay_goblin_kobold_castle, layout_cave_pools,
          kennysheep_windowed_goal
D:5:      layout_basic, mainiacjoe_overflow_concentric_impassable,
          minmay_misc_feat_nine_boxes
D:6:      lemuel_insect_pit, layout_basic, nemelex_xobeh_ov_fountains_minmay,
          minmay_temple_entry_gardened_gates, uniq_blork_the_orc
D:7:      layout_basic
D:8:      layout_loops_ring, yredelemnul_altar_generic,
          mainiacjoe_overflow_small_starburst
D:9:      layout_loops_corners, mainiacjoe_overflow_brackets,
          david_orc_1_choice, st_stairs_2
D:10:     layout_roguey, grunt_lair_entry_orc_guard_hut, fountainhead
D:11:     layout_long_grid, serial_shops, nicolae_shop_behind_doors
D:12:     hellmonk_crumbling_castle, layout_irregular_city, uniq_kirke,
          uniq_psyche, uniq_urug
D:13:     layout_irregular_city, gammafunk_ghost_spectres,
          nicolae_vehumet_altar_sigil, uniq_rupert
D:14:     layout_roguey, erik_vaults_1, nicolae_hepliaklqana_hazy_memory,
          uniq_frances
D:15:     gammafunk_enter_depths_forms, layout_loops_ring,
          nicolae_sif_muna_condensation, uniq_josephine
Temple:   bh_familiar_temple
Lair:1:   layout_roguey, portal_ice_cave_demonic_guard, gammafunk_ghost_hive,
          uniq_sonja
Lair:2:   layout_regular_city, nicolae_swamp_entry_splash_gauntlet,
          grunt_megastairs_3
Lair:3:   cheibrodos_magma_flow, layout_gridlike, dummy_spider_entry,
          beast_lair_carwin_2
Lair:4:   layout_loops_ring, minmay_slime_entry_oklob_enclosed,
          small_statue_intersection, st_stairs_11, serial_bayou_shore_a
Lair:5:   wormcave, layout_regular_city
Swamp:1:  layout_falls_marsh, nicolae_swamp_very_dense_foliage,
          infiniplex_staircase_pool
Swamp:2:  layout_basic_swamp, ebering_ghost_xom, lemuel_altar_in_water
Swamp:3:  layout_basic_swamp, evilmike_swamp_ruin_house_1, swamp_pool1,
          hangedman_swamp_dais, uniq_jorgrun, uniq_mara
Swamp:4:  swamp_icy, layout_basic_swamp, grunt_hermit_hut
Spider:1: layout_spider_delve, nicolae_spider_spiderdrome
Spider:2: layout_spider_delve, nicolae_spider_rock_and_or_roll, uniq_mlioglotl
Orc:1:    layout_caves
Orc:2:    st_orc_town, layout_diamond_mine, minmay_orc_temple_c
Elf:1:    layout_gridlike, serial_shops, nicolae_shop_behind_doors,
          evilmike_minifort, nicolae_elf_m_pinch, kilobyte_rumbling_trees
Vaults:1: vaults_dpeg_ring, v_rooms_6, vaults_room_semicircle,
          nicolae_vaults_ring_of_whatevers, ontoclasm_vaults_ring_large,
          grunt_vaults_focal, hangedman_vaults_snaps, vaults_room_pools,
          layout_vaults_chaotic_city, serial_shops, bzr_in_the_mist
Vaults:2: nzn_ghost_randoct, v_misc_8, hangedman_vaults_corner,
          vaults_standard_mumra_lines, vaults_room_grid,
          ontoclasm_vaults_shuriken, dpeg_vaults_monster_box, v_misc_13,
          vaults_dpeg_emergency_exit, nicolae_vaults_diagonal_hallway_9,
          layout_vaults_omnicross, serial_shops, shop, uniq_nikola, uniq_aizul
Depths:1: layout_long_grid, nicolae_abyss_entry_one_way_or_another, pan_entry,
          nicolae_trove_entry_path_of_doom, fedhas_altar_2,
          nicolae_hell_entry_hellmouth_sunbeams, minmay_misc_feat_secret_circle,
          grunt_gozag_breadcrumbs, uniq_enchantress
Depths:2: lemuel_vampire_tower, layout_cave_shapes, enter_ziggurat_c, pan_entry,
          grunt_hell_entry_dis_grunt, chequers_big_river, minivault_1

Skill      XL: |  1  2  3  4  5  6  7  8  9 10 11 12 13 14 15 16 17 18 |
---------------+-------------------------------------------------------+-----
Spellcasting   | 5 6 7 8 10 12 14 16 18 20 21 23 24 26 27 | 27.0
Conjurations   | 2 3 4 5 7 8 9 11 12 13 14 15 16 17 | 17.9
Armour         | 1 2 3 4 5 6 8 9 |  9.7
Fighting       | 1 2 3 4 5 6 7 8 9 |  9.1
Dodging        | 3 |  3.3
Stealth        | 3 |  3.0
Air Magic      | 1 |  1.0
Fire Magic     | 1 3 4 6 7 9 10 11 12 14 15 16 17 | 17.7
Poison Magic   | 1 |  1.0
Evocations     | 1 |  1.0
Shields        | 2 5 |  5.0
Necromancy     | 1 |  1.0
Ice Magic      | 1 |  1.0
Earth Magic    | 1 |  1.0
Summonings     | |  1.1
Translocations | |  1.1

Action                   |  1- 3 |  4- 6 |  7- 9 | 10-12 | 13-15 | 16-18 | 19-21 || total
-------------------------+-------+-------+-------+-------+-------+-------+-------++-------
Melee: Dagger            |    26 |    14 |    58 |       |       |       |       ||    98
       Flail             |       |       |     4 |       |       |       |       ||     4
       Short sword       |       |       |     2 |    23 |       |       |       ||    25
       Punch             |       |       |     2 |       |       |       |       ||     2
       Staff             |       |       |       |     1 |     9 |     1 |       ||    11
 Fire: Sling             |       |       |       |       |    18 |       |       ||    18
 Cast: Magic Dart        |   113 |     5 |     3 |       |     4 |    19 |       ||   144
       Mephitic Cloud    |     1 |     5 |    17 |    12 |    12 |     4 |       ||    51
       Call Imp          |     1 |       |     1 |     2 |     2 |     2 |     2 ||    10
       Foxfire           |       |   135 |   207 |    40 |       |       |       ||   382
       Fireball          |       |       |     3 |   173 |   526 |   551 |    35 ||  1288
       Blink             |       |       |     2 |     3 |    13 |     5 |     1 ||    24
       Lightning Bolt    |       |       |       |       |       |    11 |       ||    11
       Freezing Cloud    |       |       |       |       |       |    44 |     1 ||    45
       Ignition          |       |       |       |       |       |     2 |       ||     2
       Swiftness         |       |       |       |       |       |     1 |       ||     1
       Stone Arrow       |       |       |       |       |       |       |     1 ||     1
Evoke: Wand              |       |       |     2 |     3 |    30 |    17 |       ||    52
  Use: Scroll            |       |       |       |    15 |    10 |     9 |       ||    34
 Stab: Confused          |       |       |     3 |     1 |       |       |       ||     4
Armor: Robe              |    10 |       |     7 |    13 |       |       |       ||    30
       Leather armour    |       |    10 |    11 |       |       |       |       ||    21
       Troll leather arm |       |       |       |     7 |       |       |       ||     7
       Ring mail         |       |       |       |     4 |    62 |    43 |       ||   109
       Acid dragon scale |       |       |       |       |       |    15 |       ||    15
Dodge: Dodged            |    25 |    43 |    60 |    72 |    88 |    90 |     1 ||   379
       Repelled          |       |       |       |       |     1 |     2 |       ||     3
Block: Buckler           |       |       |       |       |     3 |    56 |     2 ||    61
       Reflection        |       |       |       |       |     1 |    18 |     2 ||    21

Table legend: (Time is in decaauts)
 A = Elapsed time spent in this place.
 B = Non-inter-level travel time spent in this place.
 C = Inter-level travel time spent in this place.
 D = Time resting spent in this place.
 E = Time spent auto-exploring this place.
 F = Levels seen in this place.
 G = Mean time per level.
                   A        B        C        D        E       F      G
               +--------+--------+--------+--------+--------+-----+--------+
         Total |  46014 |  41300 |   4714 |   7090 |  27733 |  36 | 1278.2 |
       Dungeon |  22861 |  20219 |   2642 |   2130 |  15154 |  15 | 1524.1 |
        Temple |    147 |    134 |     13 |      0 |     21 |   1 |  147.0 |
          Lair |   8860 |   7748 |   1112 |   1654 |   5214 |   5 | 1772.0 |
         Swamp |   3852 |   3561 |    291 |    811 |   2151 |   4 |  963.0 |
   Spider Nest |   1292 |   1158 |    134 |    258 |    642 |   2 |  646.0 |
  Orcish Mines |   2813 |   2552 |    261 |    634 |   1543 |   2 | 1406.5 |
   Elven Halls |    302 |    265 |     37 |     28 |    166 |   1 |  302.0 |
        Vaults |   2836 |   2803 |     33 |    339 |   2032 |   2 | 1418.0 |
        Depths |   2246 |   2059 |    187 |    911 |    659 |   2 | 1123.0 |
        Bazaar |    152 |    152 |      0 |      0 |     83 |   1 |  152.0 |
      Ice Cave |    648 |    648 |      0 |    325 |     67 |   1 |  648.0 |
               +--------+--------+--------+--------+--------+-----+--------+

Top non-repeatable levels by time:
  Lair:5: 2620 daAuts
     D:9: 2493 daAuts
Depths:1: 2224 daAuts
   Orc:2: 2127 daAuts
    D:11: 1873 daAuts
    D:12: 1802 daAuts
     D:4: 1766 daAuts
    D:10: 1699 daAuts
Vaults:1: 1684 daAuts
  Lair:2: 1666 daAuts
  Lair:1: 1635 daAuts
     D:2: 1573 daAuts
    D:14: 1566 daAuts
  Lair:4: 1554 daAuts
     D:8: 1536 daAuts
